 Dungeon Crawl Stone Soup version 0.32-a0-696-g5fa0bccb63 (webtiles) character file.

Game seed: 14000523177986998877

1389 Revguard the Charlatan (level 8, -3/78 (91) HPs)
             Began as a Coglin Gladiator on Mar 13, 2024.
             Slain by a wight
             ... wielding a +3 flail
              (6 damage)
             ... in an ossuary.
             The game lasted 00:10:43 (3947 turns).

Revguard the Charlatan (Coglin Gladiator)           Turns: 3947, Time: 00:10:44

HP:   -3/78 (91)    AC: 24    Str: 14    XL:     8   Next: 68%
MP:   8/8           EV:  2    Int:  8    God:
Gold: 155           SH:  0    Dex: 18    Spells: 7/7 levels left

rFire   . . .        a - +0 long sword {Tiberius}
rCold   . . .        u - +2 short sword (venom) {Suthep}
rNeg    . . .        y - melded +0 scale mail of Dibe {+Inv rF- Str+6 SInv}
rPois   +            c - melded +0 helmet
rElec   .            (cloak currently unavailable)
rCorr   .            (gloves currently unavailable)
SInv    .            (boots currently unavailable)
Will    .....        (no amulet)
Stlth   +++          (no ring)
HPRegen 0.33/turn    (no ring)
MPRegen 0.11/turn    (no gizmo)

%: no passive effects
@: brilliant, tree-form, attractive, heavily drained, revving
A: stationary, stasis, torment immunity, boosted hp, off-hand wielding, slow
wielding, warmup strikes, (no jewellery)
a: Invent Gizmo


You were in an ossuary.
You were a tree.
You visited 1 branch of the dungeon, and saw 7 of its levels.
You also visited: Ossuary.

You collected 155 gold pieces.

Inventory:

Hand Weapons
 a - a +0 long sword (weapon) {Tiberius}
 f - a +0 dagger {Æthelred}
 p - a +2 dagger of speed
 u - a +2 short sword of venom (offhand) {Suthep}
Missiles
 d - 4 throwing nets (quivered)
 e - a javelin
Armour
 b - a +0 leather armour
 c - a +0 helmet (melded)
 y - the +0 scale mail of Dibe (melded) {+Inv rF- Str+6 SInv}
   (You found it on level 6 of the Dungeon)

   Str+6:     It affects your strength (+6).
   rF-:       It makes you vulnerable to fire.
   SInv:      It lets you see invisible.
   +Inv:      It lets you turn invisible.
Wands
 q - a wand of flame (13)
Scrolls
 h - 2 scrolls of teleportation
 i - a scroll of fog {unknown}
 l - a scroll of summoning
 o - a scroll of immolation
 r - a scroll of amnesia {unknown}
 s - 2 scrolls of poison {unknown}
 t - a scroll of acquirement {unknown}
 v - a scroll of torment {unknown}
 w - 3 scrolls of vulnerability {unknown}
 x - a scroll of silence {unknown}
 A - a scroll of identify
Potions
 g - a potion of attraction
 j - 2 potions of curing {unknown}
 k - a potion of lignification
 m - 2 potions of heal wounds {unknown}
 n - 2 potions of magic
 z - 2 potions of brilliance


   Skills:
 + Level 4.6 Fighting
 + Level 5.1 Long Blades
 - Level 1.7 Throwing
 + Level 3.6 Armour
 + Level 4.7 Dodging
 + Level 3.4 Stealth
 + Level 5.3 Evocations


You had 7 spell levels left.
You didn't know any spells.
Your spell library was empty.

Dungeon Overview and Level Annotations

Branches:
Dungeon (7/15)            Ossuary (1/1)
 Temple: D:4-7

Altars:
Cheibriados

Annotations:
D:3 2 transporters, Godo's ghost, amateur DECj


Innate Abilities, Weirdness & Mutations

You are a tree.
Your roots penetrate the ground, keeping you stationary.
You cannot be teleported.
You are immune to unholy pain and torment.
Your maximum health is greatly increased.
Your equipment is partially melded.
You can wield a second weapon in your off-hand.
It takes a long time for you to wield or remove held weapons.
Your first few attacks do less damage.
((You cannot equip rings or amulets.))


Message History

You barely miss the wight with your +2 short sword of venom.
The wight is lightly damaged.
You hit the wight with your +0 long sword.
The wight hits you with a +3 flail!
You feel drained.
Something unseen opens the door.
Aiming: Throw Flame
Press: ? - help, Shift-Dir - straight line, f - burial acolyte
Aim: a burial acolyte, wielding a +0 dagger and wearing a +0 robe (64% to hit)
Okay, then.
It was a potion of attraction.
You feel attractive to monsters. The wight hits you with a +3 flail.
You feel drained. The burial acolyte barely misses you.
A wight comes into view. It is wielding a +3 hand axe.
The wight is attracted toward you.
You hit the burial acolyte with your +0 long sword.
The burial acolyte is moderately wounded.
You barely miss the burial acolyte with your +2 short sword of venom.
The wight closely misses you.
The burial acolyte hits you with a +0 dagger.
* * * LOW HITPOINT WARNING * * *
The wight is attracted toward you.
It was a potion of magic.
Magic courses through your body. The wight barely misses you.
The burial acolyte closely misses you. The wight closely misses you.
It was a potion of brilliance.
You feel clever all of a sudden. The wight hits you with a +3 flail.
* * * LOW HITPOINT WARNING * * *
You feel drained.
* * * LOW HITPOINT WARNING * * *
The burial acolyte closely misses you. The wight hits you with a +3 hand axe.
* * * LOW HITPOINT WARNING * * *
You feel drained.
* * * LOW HITPOINT WARNING * * *
It was a potion of lignification.
You turn into a tree.
Your +0 helmet melds into your body.
The +0 scale mail of Dibe {+Inv rF- Str+6 SInv} melds into your body.
Your roots penetrate the ground.
The wight hits you with a +3 flail.
You die...

##### ### #♣....######
... #.......... ....
#..# '..###..'♣ #..♣
♣..♣z♣..♣ ##
####..#♣#..###..#♣# .#
#z# #......p.......
.#######♣#.#♣#..♣z!..#
...'.....'.# #..z!/..#
.#######♣#.#♣#..§!?..#♣
.# #z# #..............
## ### ..#♣#..###..#♣#
#..♣ ♣..♣ ♣..♣ #..#
'..# ..+ #........ ...
#♣..


You could see a laughing skull, a burial acolyte and 2 wights.

Vanquished Creatures
  Pikel (D:4)
  An orc warrior (D:6)
  A water moccasin (D:6)
  A sky beast (D:6)
  2 ogres
  3 lemures (D:4)
  A wight (Ossuary)
  3 bombardier beetles
  A hound (D:4)
  An orc priest (D:6)
  An iguana (D:5)
  6 orc wizards (D:6)
  3 adders
  A white imp (D:5)
  3 adder skeletons (Ossuary)
  A dart slug (D:2)
  9 orcs
  6 ball pythons
  5 endoplasms
  5 giant cockroaches
  5 goblins
  5 hobgoblins
  7 quokkas
  6 bats
  4 frilled lizards
  2 hobgoblin skeletons (Ossuary)
  7 kobolds
  3 kobold skeletons (Ossuary)
  An orc skeleton (Ossuary)
  5 rats
100 creatures vanquished.

Notes
Turn   | Place    | Note
-------+----------+-------------------------------------------
     0 | D:1      | Revguard the Coglin Gladiator began the quest for the Orb.
     0 | D:1      | Reached XP level 1. HP: 16/16 MP: 1/1
   145 | D:1      | Reached XP level 2. HP: 22/22 MP: 2/2
   385 | D:1      | Reached skill level 1 in Evocations
   428 | D:1      | Reached XP level 3. HP: 27/27 MP: 3/3
  1135 | D:2      | Reached skill level 1 in Armour
  1584 | D:3      | Reached XP level 4. HP: 34/34 MP: 4/4
  1598 | D:3      | Found a faded altar of an unknown god.
  1685 | D:3      | Found a transporter.
  1688 | D:3      | Noticed a phantom
  1688 | D:3      | Noticed Godo's ghost (amateur DECj)
  1693 | D:3      | Found a transporter.
  1728 | D:3      | Reached skill level 1 in Stealth
  2018 | D:4      | Reached XP level 5. HP: 35/39 MP: 5/5
  2094 | D:4      | Noticed a lemure
  2094 | D:4      | Noticed a lemure
  2095 | D:4      | Noticed a lemure
  2095 | D:4      | Noticed Pikel
  2096 | D:4      | Noticed a lemure
  2102 | D:4      | Killed a lemure
  2106 | D:4      | Killed a lemure
  2112 | D:4      | Killed a lemure
  2121 | D:4      | Killed Pikel
  2122 | D:4      | Reached XP level 6. HP: 16/47 MP: 6/6
  2122 | D:4      | Reached XP level 7. HP: 18/52 MP: 7/7
  2307 | D:4      | You fall into a shaft and drop 3 floors!
  2751 | D:6      | Identified the +0 scale mail of Dibe {+Inv rF- Str+6 SInv}
  3148 | D:6      | Reached XP level 8. HP: 18/60 MP: 8/8
  3368 | D:6      | Found a snail-covered altar of Cheibriados.
  3405 | D:6      | Reached skill level 5 in Evocations
  3534 | D:5      | Entered Level 5 of the Dungeon
  3569 | D:5      | Reached skill level 5 in Long Blades
  3634 | D:5      | Found a sand-covered staircase.
  3644 | Ossuary  | Entered an ossuary
  3946 | Ossuary  | HP: 1/52 [wight/+3 hand axe (2)]
  3947 | Ossuary  | Slain by a wight

Illustrated notes

Levels and vault maps discovered:
D:1:      dpeg_arrival_tiny_a, layout_loops_corners, st_stairs_6,
          chequers_serial_rivers_micro_c, minmay_misc_feat_pillars
D:2:      layout_basic, st_stairs_2
D:3:      cheibrodos_helix_gallery, layout_rooms,
          shapermc_ecumenical_altar_hornbeckon, gammafunk_ghost_mausoleum,
          chequers_serial_rivers_small_a, serial_bayou_pond_c
D:4:      layout_loops_ring, nicolae_ru_awakened_eye,
          hellmonk_sif_muna_bookshelves, uniq_menkaure, uniq_grinder, uniq_pikel
D:5:      layout_cave_pools, nicolae_gozag_seed_capital,
          minmay_temple_entry_statues, mainiacjoe_ossuary_entry_dusty_tomb,
          gammafunk_ghost_split, serial_glass, glass_columns_a, glass_columns_a,
          glass_columns_c, glass_columns_b, glass_columns_a, glass_columns_b
D:6:      layout_gridville, slow_altar_2
D:7:      layout_basic, serial_demonic, serial_demonic_b, serial_demonic_a,
          serial_demonic_a, serial_demonic_d, serial_demonic_d,
          serial_demonic_g, serial_demonic_e, serial_demonic_b,
          serial_demonic_b, serial_demonic_e
Ossuary:  ossuary_due_cavern

Skill      XL: |  1  2  3  4  5  6  7  8 |
---------------+-------------------------+-----
Evocations     | 1 2 3 4 5 |  5.3
Dodging        | 3 4 |  4.7
Armour         | 1 2 3 |  3.6
Stealth        | 1 2 3 |  3.4
Fighting       | 3 4 |  4.6
Long Blades    | 4 5 |  5.1
Throwing       | |  1.7

Action                     |  1- 3 |  4- 6 |  7- 9 || total
---------------------------+-------+-------+-------++-------
  Melee: Dagger            |    82 |    12 |       ||    94
         Long sword        |    94 |    48 |    83 ||   225
         Short sword       |       |    32 |    85 ||   117
  Evoke: Wand              |       |     5 |     3 ||     8
    Use: Scroll            |       |       |     6 ||     6
         Potion            |       |       |     4 ||     4
   Stab: Sleeping          |     2 |       |     2 ||     4
 Armour: Leather armour    |    59 |    38 |    24 ||   121
         Scale mail        |       |       |    40 ||    40
         Skin              |       |       |     1 ||     1
  Dodge: Dodged            |    76 |    25 |    55 ||   156

Table legend: (Time is in decaauts)
 A = Elapsed time spent in this place.
 B = Non-inter-level travel time spent in this place.
 C = Inter-level travel time spent in this place.
 D = Time resting spent in this place.
 E = Time spent auto-exploring this place.
 F = Levels seen in this place.
 G = Mean time per level.
                   A        B        C        D        E       F      G
               +--------+--------+--------+--------+--------+-----+--------+
         Total |   3971 |   3815 |    156 |    233 |   2720 |   8 |  496.4 |
       Dungeon |   3668 |   3512 |    156 |    106 |   2648 |   7 |  524.0 |
       Ossuary |    303 |    303 |      0 |    127 |     72 |   1 |  303.0 |
               +--------+--------+--------+--------+--------+-----+--------+

Top non-repeatable levels by time:
     D:6: 1157 daAuts
     D:1: 870 daAuts
     D:2: 588 daAuts
     D:3: 562 daAuts
     D:4: 309 daAuts
 Ossuary: 303 daAuts
     D:5: 109 daAuts
     D:7: 69 daAuts
